 Dungeon Crawl Stone Soup version 0.29.0-4-gdea44cf6ec (webtiles) character file.

Game seed: 9597316694425430159

25 qw the Chopper (level 3, -3/28 (29) HPs)
             Began as a Barachi Chaos Knight on Sept 7, 2022.
             Succumbed to an orange demon's poison
             ... on level 2 of the Dungeon.
             The game lasted 00:00:27 (1226 turns).

qw the Chopper (Barachi Chaos Knight)               Turns: 1226, Time: 00:00:27

HP:   -3/28 (29)    AC:  9    Str: 15    XL:     3   Next: 4%
MP:   3/3           EV:  6    Int: 12    God:
Gold: 66            SH:  0    Dex: 11    Spells: 2/2 levels left

rFire   . . .      SeeInvis .   Y - +0 hand axe (chaos)
rCold   . . .      Faith    .   (no shield)
rNeg    . . .      Spirit   .   h - +0 chain mail
rPois   .          Reflect  .   j - +1 hat {Will+}
rElec   .          Harm     .   (no cloak)
rCorr   .          Rampage  .   (no gloves)
Will    +....                   (no boots)
Stlth   ..........              (no amulet)
HPRegen 0.09/turn               (no ring)
MPRegen 0.08/turn               (no ring)

@: lethally poisoned (-3 -> -18), spiked, lightly drained, slow
A: amphibious, slowness 1, strong legs 1, +LOS
a: Hop


You were on level 2 of the Dungeon.
You visited 1 branch of the dungeon, and saw 2 of its levels.

You collected 66 gold pieces.


Innate Abilities, Weirdness & Mutations

You are amphibious.
You cover ground slowly.
You can hop short distances.
You have an extended range of vision and can be seen from far away.


   Skills:
 - Level 3.6 Fighting
 + Level 4.5 Axes
 - Level 2.4 Armour
 - Level 1.1 Dodging


You had 2 spell levels left.
You didn't know any spells.
Your spell library was empty.

Inventory:

Hand Weapons
 f - a +0 whip
 Y - a +0 hand axe of chaos (weapon)
Armour
 h - a +0 chain mail (worn)
 j - a +1 hat of willpower (worn)
Scrolls
 b - a scroll of identify
Potions
 d - a potion of heal wounds {unknown}
 e - a potion of brilliance {unknown}
Miscellaneous
 c - a piece from Xom's chessboard (15/15)

Dungeon Overview and Level Annotations

Branches:
Dungeon (2/15)

Altars:


Message History

It is a scroll of amnesia.
You feel forgetful for a moment.
Done exploring.
(D) Dungeon
Where to? (* - list waypoints, Enter - D:1, ? - help)
What level of the Dungeon? (default 1, ? - help)
There is an open door here.
There is a stone staircase leading down here.
You climb downwards.
The goblin shouts!
Found an escape hatch in the ceiling.
Found a stone staircase leading down.
There is a stone staircase leading up here.
A goblin is nearby!
Enter note: You hit the goblin.
You kill the goblin!
You see here a +0 club. "Fight to survive, mortal."
A soul eater comes into view.
You barely miss the red devil. You barely miss the iron imp.
You hit the red devil but do no damage. You hit the iron imp.
The red devil hits you with a +0 demon trident of draining!
Barbed spikes become lodged in your body.
You feel drained. The orange demon stings you from afar!
You are lethally poisoned!
The orange demon poisons you!
You hit the iron imp but do no damage.
The iron imp seems to grow stronger.
The iron imp is lightly wounded.
You closely miss the ufetubus. You hit the red devil but do no damage.
The red devil resists with almost no effort.
You feel very sick.
The ufetubus hits you but does no damage. x2
The iron imp hits you.
The ufetubus hits you but does no damage. x3
The ufetubus barely misses you. The orange demon barely misses you.
You hit the iron imp. You freeze the iron imp.
The iron imp is moderately wounded.
You miss the ufetubus. You closely miss the ufetubus.
You barely miss the soul eater.
You die...
Xom bursts into laughter!

###### #######
##.....##4<...##
#.....5@.).....#
#.....4355......<#
............>....#
#................#
#................#
#................#
.................#
######..........##
...##.....##


You could see a soul eater (summoned), an orange demon (summoned), a red devil
(summoned), an iron imp (summoned, strong) and 2 ufetubi.

Vanquished Creatures
  2 dart slugs (D:1)
  3 ball pythons (D:1)
  4 goblins
  2 hobgoblins (D:1)
  2 quokkas (D:1)
  4 bats (D:1)
  2 frilled lizards (D:1)
  A kobold (D:1)
  2 rats (D:1)
22 creatures vanquished.

Notes
Turn   | Place    | Note
-------+----------+-------------------------------------------
     0 | D:1      | qw the Barachi Chaos Knight began the quest for the Orb.
     0 | D:1      | Reached XP level 1. HP: 18/18 MP: 1/1
     0 | D:1      | 0 ||| qw: Version: 0.1-a-108-g9e35731
     0 | D:1      | 0 ||| qw: Game counter: 6470
     0 | D:1      | 0 ||| qw: Always use a shield: true
     0 | D:1      | 0 ||| qw: God list: Okawaru
     0 | D:1      | 0 ||| qw: Allow faded altars: false
     0 | D:1      | 0 ||| qw: Do Orc after D:15 true
     0 | D:1      | 0 ||| qw: Do second Lair branch before Depths: true
     0 | D:1      | 0 ||| qw: Lair rune preference: random
     0 | D:1      | 0 ||| qw: Plans: Normal
     0 | D:1      | 0 ||| PLANNING D:1-11
     0 | D:1      | Fell from the grace of Xom
   275 | D:1      | Reached XP level 2. HP: 23/24 MP: 2/2
   401 | D:1      | Reached skill level 4 in Axes
   433 | D:1      | 433 ||| Stepping ~*~*~tactically~*~*~ (stealth).
   604 | D:1      | 604 ||| Stepping ~*~*~tactically~*~*~ (hiding).
   706 | D:1      | 706 ||| Stepping ~*~*~tactically~*~*~ (hiding).
   868 | D:1      | You fall into a shaft and drop 1 floor!
   869 | D:2      | 869 ||| UPGRADING to +0 chain mail.
   879 | D:2      | 879 ||| DROPPING +2 leather armour.
   880 | D:2      | 880 ||| UPGRADING to +1 hat of willpower.
   885 | D:2      | 885 ||| READING scroll labelled INIFRE MUTTER.
   886 | D:2      | 886 ||| READING 2 scrolls labelled HUBLUFEPRI.
   887 | D:2      | 887 ||| DROPPING scroll of fog.
  1095 | D:1      | Reached XP level 3. HP: 29/29 MP: 3/3
  1198 | D:1      | 1198 ||| READING scroll labelled DAHIXI MOLAE.
  1203 | D:1      | 1203 ||| READING scroll labelled TIUHIO QINNUIH.
  1222 | D:2      | XOM: summons 6 hostile demons
  1223 | D:2      | Noticed a soul eater
  1223 | D:2      | Noticed a red devil
  1223 | D:2      | Noticed an orange demon
  1224 | D:2      | HP: 7/28 [orange demon[Xom] (8)]
  1225 | D:2      | HP: 2/28 [poisoned by an orange demon]
  1226 | D:2      | Succumbed to an orange demon's poison

Levels and vault maps discovered:
D:1:      beargit_arrival_greenhouse, layout_loops_corners,
          minmay_misc_feat_ornament
D:2:      cheibrodos_pilgrimage, layout_rooms, uniq_robin

Skill      XL: |  1  2 |
---------------+-------+-----
Axes           | 4 |  4.5
Fighting       | |  3.6
Armour         | |  2.4
Dodging        | |  1.1

Action                   || total
-------------------------++-------
Melee: Hand axe          ||    52
       Punch             ||     2
Invok: Renounce Religion ||     1
  Use: Scroll            ||     4
 Stab: Paralysed         ||     1
Armor: Leather armour    ||    13
       Chain mail        ||     9
Dodge: Dodged            ||    34

Table legend:
 A = Non-vault XP
 B = Vault XP
 C = Vault XP percentage of total XP
 D = Non-vault monster count
 E = Vault monster count
 F = Vault count percentage of total count
                 A         B        C        D         E       F
            +---------+---------+-------+---------+---------+-------
      Total |      36 |       0 |   0.0 |      22 |       0 |   0.0
            +---------+---------+-------+---------+---------+-------
        D:1 |      34 |       0 |   0.0 |      21 |       0 |   0.0
        D:2 |       2 |       0 |   0.0 |       1 |       0 |   0.0
            +---------+---------+-------+---------+---------+-------
